 Dungeon Crawl Stone Soup version 0.27-a0-1182-gee19b5822f (webtiles) character file.

Game seed: 2748015313128782240

126 Froggeryz the Ruffian (level 4, -3/33 HPs)
             Began as a Demonspawn Gladiator on May 18, 2021.
             Succumbed to Sigmund's poison
             ... on level 3 of the Dungeon.
             The game lasted 00:02:26 (2648 turns).

Froggeryz the Ruffian (Demonspawn Gladiator)        Turns: 2648, Time: 00:02:26

Health: -3/33      AC:  7    Str: 15    XL:     4   Next: 84%
Magic:  4/4        EV: 10    Int: 12    God:
Gold:   18         SH:  0    Dex: 20    Spells: 3/3 levels left

rFire    . . .     SeeInvis .     - Unarmed
rCold    . . .     Faith    .   (no shield)
rNeg     . . .     Spirit   .   f - +0 scale mail
rPois    .         Reflect  .   j - +1 hat
rElec    .         Harm     .   (no cloak)
rCorr    .         Rampage  .   (no gloves)
Will     .....                  (no boots)
Stlth    ..........             (no amulet)
HPRegen  0.11/turn              h - +6 ring of dexterity
MPRegen  0.09/turn              (no ring)

@: lethally poisoned (-3 -> -30)
A: antennae 2, big brain 1
a: no special abilities


You were on level 3 of the Dungeon.
You visited 1 branch of the dungeon, and saw 3 of its levels.

You collected 18 gold pieces.

Inventory:

Missiles
 c - 3 throwing nets
 g - an atropa-tipped dart (quivered)
Armour
 f - a +0 scale mail (worn)
 j - a +1 hat (worn)
Jewellery
 b - a ring of ice
 h - a +6 ring of dexterity (left hand)
Scrolls
 a - a scroll of blinking
 e - a scroll of enchant armour
 i - a scroll of enchant weapon {unknown}
Potions
 d - a potion of curing


   Skills:
 - Level 2.0 Fighting
 - Level 1.7 Throwing
 + Level 0.5 Armour
 - Level 2.6 Dodging
 * Level 5.0 Unarmed Combat


You had 3 spell levels left.
You didn't know any spells.
Your spell library contained the following spells:

 Spells                   Type           Power      Damage    Failure   Level
 Beastly Appendage        Tmut           0%         N/A       80%         1
 Wereblood                Tmut           0%         N/A       90%         2
 Spider Form              Tmut/Pois      0%         N/A       99%         3
 Ice Form                 Ice/Tmut       0%         N/A       100%        4
 Hydra Form               Tmut           0%         N/A       100%        5


Dungeon Overview and Level Annotations

Branches:
Dungeon (3/15)

Altars:

Annotations:
D:2 Sigmund


Innate Abilities, Weirdness & Mutations

You have a pair of antennae on your head.
You have an unusually large brain. (Int +2)


Message History

You are too confused!
You are too confused!
You are too confused!
You are too confused!
You are too confused!
You are too confused!
Unknown command.
The bat hits you but does no damage.
You bump into the rock wall.
The bat hits you but does no damage.
You closely miss the bat.
The bat is severely wounded.
The bat barely misses you.
You barely miss the bat.
The bat is severely wounded.
The bat barely misses you.
Sigmund says, "Look into my eyes."
Sigmund hits you from afar with a +0 scythe of venom.
The bat barely misses you. The bat misses you.
Found a stone staircase leading down.
The bat hits you.
You feel less confused. The bat hits you but does no damage.
Sigmund casts a spell at himself.
Sigmund flickers and vanishes!
Deactivating autopickup; reactivate with Ctrl-A.
The bat misses you. Something hits you.
You are poisoned.
You feel very sick. The bat hits you but does no damage. Something hits you.
You are lethally poisoned!
There is a stone staircase leading down, spattered with blood here.
* * * LOW HITPOINT WARNING * * *
You feel very sick. The bat hits you but does no damage. Something hits you.
* * * LOW HITPOINT WARNING * * *
You are more poisoned.
You climb downwards.
Reactivating autopickup.
You die...

#.#
#.#
#.#
#.#
#.#
#.#
#.#
#@#
#.#
...
#####


There were no monsters in sight!

Vanquished Creatures
  Natasha (thrice) (D:2)
  An adder (D:2)
  A dart slug (D:2)
  5 bats
  2 endoplasms (D:1)
  5 goblins
  3 hobgoblins (D:1)
  4 jackals (D:1)
  2 quokkas (D:1)
  3 ball pythons
  4 frilled lizards
  6 kobolds
  3 rats
42 creatures vanquished.

Notes
Turn   | Place    | Note
-------+----------+-------------------------------------------
     0 | D:1      | Froggeryz the Demonspawn Gladiator began the quest for the
                  | Orb.
     0 | D:1      | Reached XP level 1. HP: 16/16 MP: 1/1
   212 | D:1      | Reached skill level 3 in Unarmed Combat
   399 | D:1      | Gained mutation: You have a pair of small antennae on your
                  | head. [demonic ancestry]
   399 | D:1      | Reached XP level 2. HP: 22/22 MP: 2/2
   491 | D:1      | Found a faded altar of an unknown god.
  1077 | D:1      | Gained mutation: You have an unusually large brain. (Int
                  | +2) [demonic ancestry]
  1077 | D:1      | Reached XP level 3. HP: 23/27 MP: 3/3
  1547 | D:2      | Noticed Natasha
  1556 | D:2      | Killed Natasha
  1557 | D:2      | Reached skill level 4 in Unarmed Combat
  1889 | D:2      | Noticed Natasha
  1906 | D:2      | Killed Natasha
  1907 | D:2      | Gained mutation: You have a pair of antennae on your head.
                  | [demonic ancestry]
  1907 | D:2      | Reached XP level 4. HP: 3/33 MP: 4/4
  2321 | D:2      | Noticed Natasha
  2338 | D:2      | Killed Natasha
  2339 | D:2      | Reached skill level 5 in Unarmed Combat
  2629 | D:2      | Noticed Sigmund
  2647 | D:2      | HP: 1/33 [something (5)]
  2648 | D:3      | Succumbed to Sigmund's poison

Illustrated notes

Levels and vault maps discovered:
D:1:      eino_arrival_cavern_d, layout_basic,
          hellmonk_ecumenical_altar_heavens_door
D:2:      layout_loops_ring, uniq_natasha, uniq_sigmund
D:3:      layout_basic, lemuel_crystal_altar, gammafunk_ghost_split

Skill      XL: |  1  2  3  4 |
---------------+-------------+-----
Unarmed Combat | 3 4 5 |  5.0
Fighting       | |  2.0
Throwing       | |  1.7
Armour         | |  0.5
Dodging        | |  2.6

Action                   |  1- 3 |  4- 6 || total
-------------------------+-------+-------++-------
Melee: Unarmed           |   169 |    47 ||   216
       Punch             |     1 |     1 ||     2
Throw: Dart              |     1 |     1 ||     2
  Use: Scroll            |     2 |     1 ||     3
       Potion            |       |     1 ||     1
 Stab: Invisible         |     1 |       ||     1
Armor: Leather armour    |    14 |       ||    14
       Ring mail         |    51 |     3 ||    54
       Scale mail        |       |    16 ||    16
Dodge: Dodged            |   119 |    39 ||   158

Table legend: (Time is in decaauts)
 A = Elapsed time spent in this place.
 B = Non-inter-level travel time spent in this place.
 C = Inter-level travel time spent in this place.
 D = Time resting spent in this place.
 E = Time spent auto-exploring this place.
 F = Levels seen in this place.
 G = Mean time per level.
                   A        B        C        D        E       F      G
               +--------+--------+--------+--------+--------+-----+--------+
         Total |   2653 |   2627 |     26 |    581 |   1608 |   3 |  884.3 |
       Dungeon |   2653 |   2627 |     26 |    581 |   1608 |   3 |  884.3 |
               +--------+--------+--------+--------+--------+-----+--------+

Top non-repeatable levels by time:
     D:1: 1485 daAuts
     D:2: 1167 daAuts
